[Event "Team 45 45 League T27"]
[Site "Free Internet Chess Server"]
[Date "2005.07.14"]
[Round "5"]
[White "jjgsmm"]
[Black "CelticDeath"]
[Result "1-0"]
[WhiteElo "1626"]
[BlackElo "1725"]
[TimeControl "2700+45"]

1. e4 d5 2. exd5 Nf6 3. Bb5+ Bd7 4. Bc4 b5 5. Bb3 a5 6. a3 Bg4 7. Nf3 Nxd5 8. O-O e6 9. d3 Be7 10. Nbd2 Nd7 11. d4 c5 12. Qe1 c4 13. Ba2 O-O 14. c3 Qc7 15. Ne5 Nxe5 16. dxe5 Bf5 17. Bb1 Bxb1 18. Rxb1 Nf4 19. Nf3 Nd3 20. Qe2 b4 21. axb4 axb4 22. Ne1 Nxc1 23. Rxc1 b3 24. Nf3 Ra2 25. Rfd1 Rfa8 26. Rb1 h6 27. h3 Rd8 28. Rxd8+ Bxd8 29. Kf1 Bg5 30. Nxg5 hxg5 31. g3 Qc6 32. Kg1 Qd5 33. f3 Qd3 34. Qxd3 cxd3 35. Kf2 Ra5 36. f4 gxf4 37. gxf4 Rd5 38. Ke3 Kh7 39. Rd1 Kg6 40. Rxd3 Rc5 41. Kd4 Rd5+ 42. Kc4 Rxd3 43. Kxd3 f5 44. c4 Kf7 45. h4 Ke7 46. Kc3 Kd7 47. Kxb3 Kc6 48. Kc3 Kc5 49. b4+ Kc6 50. Kd4 g6 51. b5+ Kb6 52. Kc3 Kc5 53. Kb3   {Black resigns} 1-0

[Event "Team 45 45 League T27"]
[Site "Free Internet Chess Server"]
[Date "2005.07.14"]
[Round "5"]
[White "phorku"]
[Black "zandree"]
[Result "1-0"]
[WhiteElo "1536"]
[BlackElo "1263"]
[TimeControl "2700+45"]

1. e4 e5 2. Bc4 Nf6 3. d3 Bc5 4. Nc3 O-O 5. f4 d5 6. Nxd5 Bg4 7. Nf3 c6 8. Nxf6+ gxf6 9. h3 Qa5+ 10. Bd2 Qb6 11. hxg4 Bf2+ 12. Kf1 Be3 13. Bxe3 Qxe3 14. f5 b5 15. Bb3 Nd7 16. a3 a5 17. Qd2 Qf4 18. Qe2 a4 19. Ba2 Qxg4 20. Rh4 Qg3 21. Qf2 Qxf2+ 22. Kxf2 c5 23. Rah1 Rfd8 24. Bxf7+ Kxf7 25. Rxh7+ Ke8 26. Nh4 Nf8 27. Rh8 Kd7 28. Rh6 Ra6 29. Ng6 Kc8 30. Ne7+ Kd7 31. Nd5 b4 32. Nxf6+ Kc8 33. Nd5 Rxh6 34. Rxh6 bxa3 35. bxa3 Kb8 36. Nb6 Rd4 37. Nc4 Rd8 38. Nxe5 Re8 39. Nc4 Rd8 40. Ra6 Kb7 41. Rxa4 Ra8 42. Rxa8 Kxa8 43. a4 Kb8 44. a5 Nd7 45. g4 Nf6 46. Kf3 Ka7 47. g5 Ng8 48. g6 Kb8 49. Kf4 Kc7 50. Kg5 Kc6 51. f6 Kb5 52. f7 Ne7 53. f8=Q Nc6 54. g7 Nb4 55. g8=Q Nxc2 56. Qb8+ Ka4 57. Nb2+ Kxa5 58. Qa2+ Na3 59. Qxa3#   {Black checkmated} 1-0

[Event "Team 45 45 League T27"]
[Site "Free Internet Chess Server"]
[Date "2005.07.16"]
[Round "5"]
[White "HotDonut"]
[Black "Valiantangel"]
[Result "0-1"]
[WhiteElo "1962"]
[BlackElo "1805"]
[TimeControl "2700+45"]

1. Nf3 Nf6 2. c4 e6 3. g3 d5 4. Bg2 Be7 5. O-O O-O 6. b3 c6 7. Bb2 Ne4 8. d3 Bf6 9. Qc2 Bxb2 10. Qxb2 Nf6 11. d4 b5 12. Nbd2 Nbd7 13. Rfc1 bxc4 14. bxc4 Rb8 15. Qc2 Ba6 16. e3 Nb6 17. c5 Nc4 18. Nxc4 Bxc4 19. Ne5 Qc7 20. Nxc4 dxc4 21. Qxc4 Rb2 22. Rc2 Rfb8 23. Rxb2 Rxb2 24. Qa4 Nd5 25. Qd1 Qa5 26. Qc1 Rxa2 27. Rb1 g6 28. h4 Kg7 29. h5 Nc3 30. Rb2 Ra1   {White resigns} 0-1

[Event "Team 45 45 League T27"]
[Site "Free Internet Chess Server"]
[Date "2005.07.16"]
[Round "5"]
[White "TheTactician"]
[Black "motaka"]
[Result "1-0"]
[WhiteElo "1816"]
[BlackElo "1799"]
[TimeControl "2700+45"]

1. e4 e6 2. d3 d5 3. Nd2 Nf6 4. Ngf3 c5 5. g3 Nc6 6. Bg2 Be7 7. O-O O-O 8. e5 Nd7 9. Re1 Qc7 10. Qe2 b6 11. Nf1 Bb7 12. h4 h6 13. N1h2 Rae8 14. Ng4 Kh7 15. Bxh6 gxh6 16. Qe3 Rh8 17. Qxh6+ Kg8 18. Qf4 f5 19. Nh6+ Kg7 20. Ng5 Bxg5 21. Qxg5+ Kf8 22. Bxd5 Ncxe5 23. Bxb7 Qxb7 24. Rxe5 Nxe5 25. Qf6+ Nf7 26. Nxf7 Qxf7 27. Qxh8+ Qg8 28. Qxg8+ Kxg8 29. f3 Kg7 30. Kf2 Kf6 31. g4 Rh8 32. h5 Kg5 33. Kg3 fxg4 34. fxg4 Rf8 35. Re1 Rf4 36. Re5+   {Black resigns} 1-0

[Event "Team 45 45 League T27"]
[Site "Free Internet Chess Server"]
[Date "2005.07.14"]
[Round "5"]
[White "kballoloco"]
[Black "Haotu"]
[Result "1-0"]
[WhiteElo "1636"]
[BlackElo "1742"]
[TimeControl "2700+45"]

1. d4 Nf6 2. c4 g6 3. Nf3 Bg7 4. Nc3 d5 5. cxd5 Nxd5 6. e4 Nxc3 7. bxc3 c5 8. Bb5+ Nc6 9. h3 Bd7 10. Be3 O-O 11. O-O Qa5 12. Qb3 cxd4 13. cxd4 Nxd4 14. Nxd4 Bxb5 15. Nxb5 Bxa1 16. Rxa1 Kg7 17. Re1 a6 18. Nc3 b5 19. Bd4+ f6 20. h4 Rfd8 21. Rd1 b4 22. Ne2 e5 23. Be3 Rxd1+ 24. Qxd1 Qxa2 25. h5 g5 26. Ng3 b3 27. Nf5+ Kh8 28. Qd5 Qa1+ 29. Kh2 Rf8 30. Qxb3 a5 31. Bc5 Rc8 32. Qf7 h6 33. Qg7#   {Black checkmated} 1-0

[Event "Team 45 45 League T27"]
[Site "Free Internet Chess Server"]
[Date "2005.07.17"]
[Round "5"]
[White "maeck"]
[Black "JDFitzpat"]
[Result "1/2-1/2"]
[WhiteElo "1906"]
[BlackElo "1900"]
[TimeControl "2700+45"]

1. Nf3 c5 2. e4 e6 3. d4 cxd4 4. Nxd4 Nf6 5. Nc3 Bb4 6. e5 Ne4 7. Qg4 Nxc3 8. Qxg7 Rf8 9. Bh6 Qh4 10. bxc3 Bxc3+ 11. Kd1 Qxd4+ 12. Bd3 Bb4 13. Rb1 Nc6 14. Ke2 Be7 15. f4 Nb4 16. Bxh7 Nxc2 17. Bxc2 Qc4+ 18. Bd3 Qxa2+ 19. Kd1 Qa4+ 20. Ke2 Qa2+ 21. Kd1 Qa4+ 22. Ke2 Qa2+   {Game drawn by repetition} 1/2-1/2

[Event "Team 45 45 League T27"]
[Site "Free Internet Chess Server"]
[Date "2005.07.17"]
[Round "5"]
[White "malevolentmick"]
[Black "midoekram"]
[Result "0-1"]
[WhiteElo "1825"]
[BlackElo "1788"]
[TimeControl "2700+45"]

1. e4 c5 2. Nf3 Nc6 3. d4 cxd4 4. Nxd4 Nf6 5. Nc3 e5 6. Nb3 Bb4 7. Qf3 Nd4 8. Qg3 Nxc2+ 9. Kd1 Nxa1 10. Nxa1 Bxc3 11. bxc3 d6 12. Bc4 g6 13. Re1 Be6 14. Bb5+ Bd7 15. Bc4 Rc8 16. Bb3 Bg4+ 17. f3 Be6 18. Ba4+ Bd7 19. Bb3 h6 20. Nc2 Rxc3 21. Bd2 Rc8 22. h4 a5 23. a4 b5 24. axb5 Bxb5 25. Na3 Bd7 26. Ke2 Qb6 27. Nc4 Bb5 28. Ba4 Rxc4 29. Bxb5+ Qxb5   {White resigns} 0-1

[Event "Team 45 45 League T27"]
[Site "Free Internet Chess Server"]
[Date "2005.07.16"]
[Round "5"]
[White "Doubleletter"]
[Black "Pawns"]
[Result "0-1"]
[WhiteElo "1754"]
[BlackElo "1779"]
[TimeControl "2700+45"]

1. d4 d5 2. Nf3 Nc6 3. c4 Bg4 4. e3 e5 5. Be2 exd4 6. Nxd4 Bxe2 7. Qxe2 Nxd4 8. exd4+ Qe7 9. Qxe7+ Nxe7 10. cxd5 O-O-O 11. Nc3 Nxd5 12. Nxd5 Rxd5 13. Be3 g6 14. O-O Bg7 15. Rfd1 Rhd8 16. Rd2 c5 17. Rc1 Kb8 18. Rxc5 Rxc5 19. dxc5 Rxd2 20. Bxd2 Bxb2 21. Kf1 Kc7 22. Ke2 Kc6 23. Kd3 Ba3 24. f3 f5 25. Kc4 Bxc5 26. a4 a6 27. h3 b5+ 28. axb5+ axb5+ 29. Kb3 Kd5 30. Bc3 h5 31. Bb2 b4 32. Bf6 Bd4 33. Bg5 Bc3 34. Be3 Be1 35. Bg1 g5 36. Be3 g4 37. hxg4 hxg4 38. fxg4 fxg4 39. Bf4 Ke4 40. g3 Kf3 41. Bd6 Kg2 42. Kc4 Bxg3 43. Bxb4 Kf1 44. Bc5 Bf4 45. Kd3 g3 46. Ke4 Bc7 47. Kf3 g2 48. Bd4 Bh2 49. Be3 Bg1 50. Bf4 Bd4 51. Bh2 Be5   {White resigns} 0-1

[Event "Team 45 45 League T27"]
[Site "Free Internet Chess Server"]
[Date "2005.07.16"]
[Round "5"]
[White "TripleCheck"]
[Black "nitedozer"]
[Result "1-0"]
[WhiteElo "2144"]
[BlackElo "1901"]
[TimeControl "2700+45"]

1. e4 g6 2. d4 d6 3. Nf3 Bg7 4. Be3 Nd7 5. Qd2 Ngf6 6. Nc3 c6 7. Bh6 O-O 8. O-O-O b5 9. Bxg7 Kxg7 10. e5 Ne8 11. h4 Qa5 12. Kb1 b4 13. Ne4 dxe5 14. h5 g5 15. Qxg5+ Kh8 16. Qxe7 exd4 17. Rxd4 Qf5 18. Rxd7   {Black resigns} 1-0

[Event "Team 45 45 League T27"]
[Site "Free Internet Chess Server"]
[Date "2005.07.22"]
[Round "5"]
[White "shamrockshire"]
[Black "gracey"]
[Result "0-1"]
[WhiteElo "1936"]
[BlackElo "2047"]
[TimeControl "2700+45"]

1. e4 c6 2. d4 d5 3. Nc3 dxe4 4. f3 exf3 5. Nxf3 e6 6. Bd3 Nf6 7. O-O Bd6 8. Bg5 Qb6 9. Qd2 Nbd7 10. Rae1 Qxb2 11. Rb1 Qa3 12. Rb3 Qa5 13. Nb5 Bc7 14. Nxc7+ Qxc7 15. Bf4 Qd8 16. Bd6 Nb6 17. Ba3 Rg8 18. c4 Qc7 19. Qc2 Rh8 20. Ne5 Nbd7 21. Qe2 Nxe5 22. dxe5 Ng8 23. Bd6 Qd7 24. Qg4 f5 25. exf6 Nxf6 26. Qg3 b6 27. Bf5 exf5 28. Re3+ Ne4 29. Rfe1 Kf7 30. Rxe4 fxe4 31. Rxe4 Re8 32. Rg4 Qxg4 33. Qf2+ Kg8 34. Qd2 Re2 35. Qc3 Qxg2#   {White checkmated} 0-1

[Event "Team 45 45 League T27"]
[Site "Free Internet Chess Server"]
[Date "2005.07.15"]
[Round "5"]
[White "javamanissa"]
[Black "muralimohan"]
[Result "0-1"]
[WhiteElo "1821"]
[BlackElo "1935"]
[TimeControl "2700+45"]

1. e4 c5 2. Nf3 Nc6 3. d4 cxd4 4. Nxd4 Nf6 5. Nc3 d6 6. g3 e6 7. Bg2 Be7 8. f4 Qb6 9. Nb3 O-O 10. Qf3 a6 11. Be3 Qc7 12. O-O-O Bd7 13. g4 Na5 14. g5 Ne8 15. f5 Nc4 16. f6 gxf6 17. gxf6 Bxf6 18. Bh6 Bg7 19. Bxg7 Nxg7 20. Qg3 Rac8 21. e5 Nxe5 22. Rhg1 Ng6 23. h4 d5 24. Qg5 Qf4+ 25. Qxf4 Nxf4 26. Bf3 Kh8 27. Rg4 e5 28. Rg3 Be6 29. Nxd5 Bxd5 30. Bxd5 Ne2+ 31. Kb1 Nxg3 32. Bxb7 Rcd8 33. Rg1 N7f5 34. Bxa6 Rd6 35. Bc4 Rfd8 36. Bxf7 Rd1+ 37. Rxd1 Rxd1+ 38. Nc1 Ne2 39. b3 Nxc1 40. Bh5 Rg1 41. a4 e4 42. Kb2 Ng7 43. Bf7 e3 44. Bc4 e2 45. Bxe2 Nxe2 46. a5 Rg6 47. b4 Nd4 48. c4 Rg3 49. b5 Rb3+ 50. Ka2 Rb4 51. b6 Ra4+ 52. Kb2 Rxa5 53. Kc3 Nge6 54. b7 Nc6 55. h5 Ra3+ 56. Kb2 Ra7   {White resigns} 0-1

[Event "Team 45 45 League T27"]
[Site "Free Internet Chess Server"]
[Date "2005.07.17"]
[Round "5"]
[White "wester"]
[Black "bahus"]
[Result "1-0"]
[WhiteElo "1933"]
[BlackElo "1824"]
[TimeControl "2700+45"]

1. Nf3 Nf6 2. d4 d5 3. c4 c6 4. Nc3 g6 5. Bg5 Bg7 6. e3 O-O 7. Qb3 e6 8. Rd1 Nbd7 9. e4 Qa5 10. Bd2 Qc7 11. Bd3 dxe4 12. Nxe4 Nxe4 13. Bxe4 Nf6 14. Bb1 b6 15. O-O Bb7 16. Bc3 c5 17. d5 exd5 18. cxd5 c4 19. d6 cxb3 20. dxc7 bxa2 21. Bxa2 Rac8 22. Bb4 Bxf3 23. gxf3 Rfe8 24. Rc1 Nd7 25. Rfd1 Nf8 26. Bd6 Bxb2 27. Rc2 Bf6 28. Bd5 Ne6 29. Bb7 Bh4 30. Bxc8 Rxc8 31. Ra1 a5 32. Rb1 Nd4 33. Rxb6   {Black resigns} 1-0